 Dungeon Crawl Stone Soup version 0.18.1-50-g88ac8fd (webtiles) character file.

4274 Gargoyl the Protected (level 10, -4/76 HPs)
             Began as a Demonspawn Abyssal Knight on Sept 30, 2016.
             Was an Elder of Lugonu.
             Succumbed to a killer bee's poison
             ... on level 9 of the Dungeon.
             The game lasted 00:26:12 (9686 turns).

Gargoyl the Protected (Demonspawn Abyssal Knight)   Turns: 9686, Time: 00:26:13

Health: -4/76      AC: 23    Str: 15    XL:     10   Next: 10%
Magic:  15/15      EV:  5    Int: 19    God:    Lugonu [****..]
Gold:   429        SH:  0    Dex: 13    Spells: 0 memorised, 9 levels left

rFire  . . .     SeeInvis +     E - +0 rod of ignition (14/14)
rCold  . . .     Gourm    .     C - +0 plate armour
rNeg   . . .     Faith    .     (no shield)
rPois  .         Spirit   .     i - +0 helmet
rElec  .         Dismiss  .     f - +2 cloak
rCorr  .         Reflect  .     B - +0 pair of gloves
SustAt .         Harm     .     D - +0 pair of boots
MR     .....     Rnd*Tele +     w - amulet of regeneration
Stlth  ..........               j - +5 ring of intelligence
                                h - ring of see invisible

@: lethally poisoned (-4 -> -41), heavily drained, not resistant to hostile
enchantments, extremely unstealthy
A: thin metallic scales 2, powered by pain 1, teleportitis 1, rot immunity
a: Depart the Abyss, Bend Space, Banish, Corrupt, Renounce Religion


You were on level 9 of the Dungeon.
You worshipped Lugonu.
Lugonu was greatly pleased with you.
You were not hungry.

You visited 2 branches of the dungeon, and saw 10 of its levels.
You visited the Abyss 1 time.

You collected 429 gold pieces.

Inventory:

Hand Weapons
 p - a +2 hand axe of freezing
 y - a +1 hand axe of freezing
Missiles
 k - 3 javelins (quivered)
 x - 4 tomahawks
Armour
 f - a +2 cloak (worn)
 i - a +0 helmet (worn)
 B - a +0 pair of gloves (worn)
 C - a +0 plate armour (worn)
 D - a +0 pair of boots (worn)
Rods
 E - a +0 rod of ignition (14/14) (in hand)
   (You found it on level 7 of the Dungeon)
Jewellery
 e - a +4 amulet of reflection
 h - a ring of see invisible (left hand)
 j - a +5 ring of intelligence (right hand)
 w - an amulet of regeneration (around neck)
Wands
 b - a wand of digging (12/24)
 t - a wand of flame (26/48)
 z - a wand of confusion (18/48)
 A - a wand of random effects (13/48)
 F - a wand of lightning (9/15)
Scrolls
 a - 4 scrolls of magic mapping
 q - 11 scrolls of identify
 r - 7 scrolls of remove curse
Potions
 g - 3 potions of flight
 s - a potion of magic
 v - 3 potions of cancellation
Books
 l - a book of Summonings

   Spells                             Type                      Level
   a - Recall                         Summoning/Translocation      3
   b - Aura of Abjuration             Summoning                    5
   c - Summon Demon                   Summoning                    5
   d - Summon Forest                  Summoning/Translocation      5
   e - Summon Mana Viper              Hexes/Summoning              5
   f - Shadow Creatures               Summoning                    6
Comestibles
 c - 8 bread rations
 d - 6 meat rations
 m - 4 chunks of flesh
 n - a fruit
 o - 6 beef jerkies
 u - 3 slices of pizza


   Skills:
 + Level 6.1(3.9) Fighting
 + Level 5.7(3.5) Axes
 * Level 9.2(6.7) Armour
 + Level 4.3(2.2) Dodging
 * Level 7.8(5.5) Invocations


You had 9 spell levels left.
You didn't know any spells.

Dungeon Overview and Level Annotations

Branches:
Dungeon (9/15)             Temple (1/1) D:4
   Lair: D:8-11         Orc: D:9-12

Altars:
Ashenzari
Dithmenos
Elyvilon
Fedhas
Gozag
Kikubaaqudgha
Makhleb
Nemelex Xobeh
Okawaru
Pakellas
Ru
Sif Muna
Vehumet
Xom
Zin
The Shining One


Innate Abilities, Weirdness & Mutations

You are mostly covered in thin metallic scales (AC +3).
You sometimes gain a little power by taking damage.
You are immune to rotting.
You are occasionally teleported next to monsters.


Message History

You are more poisoned.
The killer bee poisons you!
Drink which item? (? for menu, Esc to quit)
Okay, then.
Read which item? (? for menu, Esc to quit)
Okay, then.
Your +2 hand axe of freezing stops glowing.
E - a +0 rod of ignition (14/14) (in hand)
* * * LOW HITPOINT WARNING * * *
You feel sick. The killer bee stings you.
* * * LOW HITPOINT WARNING * * *
You are more poisoned.
The killer bee poisons you!
The killer bee stings you but does no damage.
Throwing (i - inventory. (,) - cycle):
k - 4 javelins (quivered)
Press: ? - help, Shift-Dir - straight line, f - killer bee
Aim: a killer bee You throw a javelin.
The javelin hits the killer bee but does no damage.
You die...

### ## ####.##.###
#....†....# #.#@y..#
#.#y##.# #......#
###### ###.####
.....#########....>#
.................#.##.#
.............#........#
.............#.#.#.####
.........##..#.#.#.#


You could see 2 killer bees.

Vanquished Creatures
  A troll (D:9)
  A spriggan (D:7)
  A hippogriff (D:8)
  Menkaure (D:5)
  Edmund (D:4)
  Duvessa (D:5)
  An ice beast (D:6)
  A sky beast (D:7)
  2 black bears
  3 ogres
  2 centaurs (D:9)
  Blork the orc (D:5)
  5 giant frogs
  A water moccasin zombie (D:5)
  Dowan (D:5)
  4 killer bees (D:9)
  6 wights (D:8)
  A crimson imp (D:6)
  A giant frog zombie (D:8)
  4 orc priests
  6 jellies
  2 centaur skeletons
  A centaur zombie (D:7)
  8 hounds
  Crazy Yiuf (D:4)
  An iguana (D:7)
  10 orc wizards
  5 worker ants
  Robin (D:2)
  10 gnolls
  7 adders
  4 shadow imps
  An adder zombie (D:7)
  2 adder skeletons
  3 worms
  3 dart slugs
  4 giant geckos
  32 orcs
  7 giant cockroaches
  15 goblins
  15 hobgoblins
  4 jackals (D:2)
  6 kobolds
  6 quokkas
  4 bats
  4 giant newts
  A jackal zombie (D:6)
  6 rats
208 creatures vanquished.

Vanquished Creatures (others)
  2 hungry ghosts
  An ice beast (D:5)
  An orc warrior (D:5)
  A wight (D:8)
  A crimson imp (D:6)
6 creatures vanquished.

Grand Total: 214 creatures vanquished

Notes
Turn   | Place    | Note
--------------------------------------------------------------
     0 | Abyss:1  | Gargoyl the Demonspawn Abyssal Knight began the quest for the Orb.
     0 | Abyss:1  | Reached XP level 1. HP: 18/18 MP: 2/2
    47 | Abyss:1  | Noticed a starcursed mass
    84 | D:1      | Escaped the Abyss
   296 | D:1      | Reached skill level 2 in Armour
   341 | D:1      | Gained mutation: You sometimes gain a little power by taking damage. [demonic ancestry]
   341 | D:1      | Reached XP level 2. HP: 14/24 MP: 3/3
   848 | D:1      | Reached * piety under Lugonu
  1145 | D:2      | Reached XP level 3. HP: 24/29 MP: 5/5
  1146 | D:2      | Reached skill level 1 in Dodging
  1149 | D:2      | Noticed Robin
  1445 | D:2      | Found an opulent altar of Gozag.
  1772 | D:2      | Reached ** piety under Lugonu
  1915 | D:2      | Found a shattered altar of Ashenzari.
  1997 | D:2      | Killed Robin
  1997 | D:2      | Reached XP level 4. HP: 7/35 MP: 6/6
  2385 | D:2      | Reached skill level 3 in Armour
  2806 | D:3      | Gained mutation: You are partially covered in thin metallic scales (AC +2). [demonic ancestry]
  2806 | D:3      | Reached XP level 5. HP: 38/41 MP: 7/7
  2999 | D:3      | Found a glowing silver altar of Zin.
  3001 | D:3      | Found a radiant altar of Vehumet.
  3001 | D:3      | Found an iron altar of Okawaru.
  3002 | D:3      | Found a shimmering altar of Xom.
  3451 | D:3      | Found a sacrificial altar of Ru.
  3575 | D:3      | Found an oddly glowing altar of Pakellas.
  3575 | D:3      | Noticed a hungry ghost
  3598 | D:3      | Killed a hungry ghost
  3765 | D:4      | Noticed Edmund
  3783 | D:4      | Killed Edmund
  3783 | D:4      | Reached XP level 6. HP: 19/48 MP: 7/9
  4083 | D:4      | Reached skill level 4 in Armour
  4103 | D:4      | Found a staircase to the Ecumenical Temple.
  4112 | Temple   | Entered the Ecumenical Temple
  4200 | D:4      | Reached *** piety under Lugonu
  4292 | D:4      | Found a glowing golden altar of the Shining One.
  4320 | D:4      | Reached XP level 7. HP: 25/54 MP: 10/10
  4371 | D:4      | Noticed Crazy Yiuf
  4379 | D:4      | Killed Crazy Yiuf
  4740 | D:5      | Entered Level 5 of the Dungeon
  4942 | D:5      | Noticed Menkaure
  4952 | D:5      | Killed Menkaure
  4952 | D:5      | Reached skill level 5 in Armour
  4954 | D:5      | Found an ancient bone altar of Kikubaaqudgha.
  4955 | D:5      | Found a shadowy altar of Dithmenos.
  5049 | D:5      | Noticed Blork the orc
  5070 | D:5      | Killed Blork the orc
  5070 | D:5      | Reached skill level 5 in Invocations
  5209 | D:5      | Found a sparkling altar of Nemelex Xobeh.
  5620 | D:5      | Noticed Duvessa
  5621 | D:5      | Noticed Dowan
  5649 | D:5      | Killed Dowan
  5649 | D:5      | Reached XP level 8. HP: 49/61 MP: 11/11
  5650 | D:5      | Killed Duvessa
  5847 | D:6      | Reached skill level 6 in Armour
  6220 | D:6      | Found a blossoming altar of Fedhas.
  6412 | D:6      | Reached skill level 5 in Fighting
  6844 | D:7      | Found a deep blue altar of Sif Muna.
  6904 | D:7      | Reached skill level 7 in Armour
  6904 | D:7      | Gained mutation: You are immune to rotting. [demonic ancestry]
  6904 | D:7      | Reached XP level 9. HP: 42/68 MP: 14/14
  6926 | D:7      | Gained mutation: You are occasionally teleported next to monsters. [mutagenic meat]
  6927 | D:7      | Gained mutation: Armour fits poorly on your strangely shaped body. [mutagenic meat]
  6928 | D:7      | Lost mutation: Armour fits poorly on your strangely shaped body. [mutagenic meat]
  7015 | D:7      | Found a white marble altar of Elyvilon.
  7203 | D:7      | Found a white marble altar of Elyvilon.
  7296 | D:7      | Reached **** piety under Lugonu
  7717 | D:8      | Reached skill level 5 in Axes
  7852 | D:8      | Reached skill level 8 in Armour
  8092 | D:8      | HP: 2/69 [wight/long sword (3)]
  8383 | D:8      | Found a white marble altar of Elyvilon.
  9114 | D:9      | Found a burning altar of Makhleb.
  9463 | D:9      | Gained mutation: You are mostly covered in thin metallic scales (AC +3). [demonic ancestry]
  9463 | D:9      | Reached XP level 10. HP: 59/76 MP: 15/15
  9480 | D:9      | Reached skill level 9 in Armour
  9685 | D:9      | Identified a +0 rod of ignition (14/14) (You found it on level 7 of the Dungeon)
  9685 | D:9      | HP: 1/76 [killer bee (4)]
  9686 | D:9      | Succumbed to a killer bee's poison

Skill      XL: |  1  2  3  4  5  6  7  8  9 10 |
---------------+-------------------------------+-----
Armour         | 2 3 4 5 7 8 9 |  9.2
Axes           | 2 3 4 5 |  5.7
Dodging        | 1 2 3 4 |  4.3
Invocations    | 3 4 5 7 |  7.8
Fighting       | 4 5 6 |  6.1

Action                   |  1- 3 |  4- 6 |  7- 9 | 10-12 || total
-------------------------+-------+-------+-------+-------++-------
Melee: Hand axe          |   123 |   216 |   806 |    40 ||  1185
Throw: Javelin           |       |     1 |     4 |     2 ||     7
       Tomahawk          |       |       |       |     3 ||     3
Invok: Depart the Abyss  |     1 |       |       |       ||     1
       Banish            |       |       |     4 |       ||     4
       Bend Space        |       |       |     1 |       ||     1
  Use: Scroll            |     1 |     6 |    16 |       ||    23
       Potion            |     3 |     4 |     6 |       ||    13
  Eat: Chunk             |     3 |     8 |    26 |     1 ||    38
       Royal jelly       |       |       |     1 |       ||     1
       Meat ration       |       |       |     1 |       ||     1
       Bread ration      |       |       |     1 |       ||     1
Armor: Scale mail        |    75 |    96 |    54 |       ||   225
       Chain mail        |       |       |   186 |       ||   186
       Plate armour      |       |       |   581 |    84 ||   665
Dodge: Dodged            |    73 |   106 |   343 |    25 ||   547
Block: Other             |    25 |    25 |       |       ||    50
       Reflection        |     1 |       |       |       ||     1
